 Dungeon Crawl Stone Soup version 0.27-a0-1232-gc6a4cbde82 (webtiles) character file.

Game seed: 9617659352169593300

51 patchburns1 the Magician (level 4, -5/32 HPs)
             Began as a Djinni Hedge Wizard on June 8, 2021.
             Slain by a gnoll
             ... wielding a +0 club
              (7 damage)
             ... on level 1 of the Dungeon.
             The game lasted 00:10:47 (2402 turns).

patchburns1 the Magician (Djinni Hedge Wizard)      Turns: 2402, Time: 00:10:49

Health: -5/32      AC:  3    Str:  9    XL:     4   Next: 5%
Gold:   70         EV: 12    Int: 16    God:
                   SH:  0    Dex: 13

rFire    + + .     SeeInvis .   a - +0 dagger
rCold    x . .     Faith    .   (no shield)
rNeg     . . .     Spirit   .   m - +0 leather armour
rPois    ∞         Reflect  .   c - +0 hat
rElec    .         Harm     .   (no cloak)
rCorr    .         Rampage  .   (no gloves)
Will     .....                  (boots unavailable)
Stlth    ++........             (no amulet)
HPRegen  0.10/turn              (no ring)
MPRegen  0.00/turn              (no ring)

@: flying, very slightly contaminated
A: sickness immunity, fire resistance 2, cold vulnerability 1, float, innate
caster, hp casting, extra vitality 1
a: no special abilities


You were on level 1 of the Dungeon.
You visited 1 branch of the dungeon, and saw 2 of its levels.

You collected 70 gold pieces.

Inventory:

Hand Weapons
 a - a +0 dagger (weapon)
 j - a +0 spear
 q - a +1 trident of protection
 s - a +0 rapier
Missiles
 e - 39 sling bullets
 i - 73 stones
 u - 15 arrows
Armour
 b - a +0 robe
 c - a +0 hat (worn)
 m - a +0 leather armour (worn)
Magical Staves
 v - a staff of fire
Jewellery
 g - a ring of protection from fire
Scrolls
 f - a scroll of brand weapon {unknown}
 h - a scroll of teleportation {unknown}
 k - a scroll of noise {unknown}
 l - a scroll of amnesia {unknown}
 o - 2 scrolls of identify {unknown}
 r - a scroll of magic mapping {unknown}
Potions
 d - a potion of flight {unknown}
 n - a potion of heal wounds {unknown}
 p - a potion of ambrosia {unknown}
 t - a potion of curing {unknown}


   Skills:
 * Level 1.5 Fighting
 + Level 0.4 Short Blades
 + Level 0.4 Armour
 + Level 2.5 Dodging
 + Level 2.0 Stealth
 + Level 0.4 Shields
 * Level 2.7 Spellcasting


You couldn't memorise any spells.
You knew the following spells:

 Your Spells              Type           Power      Damage    Failure   Level
a - Magic Dart            Conj           40%        1d5       9%          1
b - Blink                 Tloc           N/A        N/A       13%         2
c - Call Imp              Summ           10%        N/A       13%         2
d - Slow                  Hex            10%        N/A       13%         2
e - Conjure Flame         Conj/Fire      10%        6-21      26%         3
f - Mephitic Cloud        Conj/Pois/Air  10%        N/A       26%         3
g - Corona                Hex            11%        N/A       9%          1
Your spell library was empty.

Dungeon Overview and Level Annotations

Branches:
Dungeon (2/15)

Altars:

Shops:
D:1 :


Innate Abilities, Weirdness & Mutations

You are immune to sickness and miasma.
You are immune to poison.
Your flesh is very heat resistant. (rF++)
You are vulnerable to cold. (rC-)
You float through the air rather than walking.
You learn spells naturally, not from books.
Your magical power is your life essence.
You have superior vitality. (+4 HP)


Message History

Press: ? - help, Q - select action, (/) - cycle Shift-Dir - straight line, f/p - gnoll
Aim: a gnoll, wielding a +0 club (heavily wounded, 100% to hit)
The magic dart hits the gnoll but does no damage.
The gnoll is heavily wounded.
The gnoll shouts!
Aiming: Magic Dart (safe; 9% risk of failure)
Press: ? - help, Q - select action, (/) - cycle Shift-Dir - straight line, f/p - gnoll
Aim: a gnoll, wielding a +0 club (heavily wounded, 100% to hit)
The magic dart hits the gnoll but does no damage.
The gnoll is heavily wounded.
You see here an adder corpse.
A bat comes into view.
The bat moves out of view.
There is a stone staircase leading up here.
The gnoll hits you with a +0 club.
You fly upwards.
There is a stone staircase leading down here.
The gnoll misses you.
You closely miss the gnoll.
The gnoll is heavily wounded.
The gnoll barely misses you.
Aiming: Magic Dart (safe; 9% risk of failure)
Press: ? - help, Q - select action, (/) - cycle Shift-Dir - straight line, f - gnoll
Aim: a gnoll, wielding a +0 club (heavily wounded, 100% to hit)
The magic dart hits the gnoll.
The gnoll is severely wounded.
The gnoll hits you with a +0 club.
* * * LOW HITPOINT WARNING * * *
Casting: Magic Dart (safe; 9% risk of failure)
Confirm with . or Enter, or press ? or * to list all spells.
You blink.
* * * LOW HITPOINT WARNING * * *
Casting: Blink (safe; 13% risk of failure)
Confirm with . or Enter, or press ? or * to list all spells.
You miscast Blink.
You are very lightly contaminated with residual magic.
Nothing appears to happen.
* * * LOW HITPOINT WARNING * * *
The gnoll hits you with a +0 club!
You die...

........##..........####..∩##.###
........##..........# ######...#
##########..........#### ###.#
#######......#.####....# #.#
.............#.........# #.#
#######........####....# #.#
#..........##....# #.#
#..........####### #.#
######....@# #.# #....>g.# #.#
#...#.### #.# #######...#§#
######.# #.........#.#####
#......# #.#########.....#
##.###.## #.# #.....### #...##.##
#.# #..[....# #.#.[#..# #.#
#.......# #)##..#.#


You could see a gnoll.

Vanquished Creatures
  A gnoll (D:2)
  An adder (D:2)
  A worm (D:2)
  4 ball pythons
  4 endoplasms (D:1)
  2 giant cockroaches
  3 goblins
  A hobgoblin (D:1)
  A kobold (D:1)
  2 quokkas
  A bat (D:2)
  3 frilled lizards
  3 rats (D:1)
27 creatures vanquished.

Notes
Turn   | Place    | Note
-------+----------+-------------------------------------------
     0 | D:1      | patchburns1 the Djinni Hedge Wizard began the quest for the
                  | Orb.
     0 | D:1      | Reached XP level 1. HP: 15/15 MP: 0/0
   497 | D:1      | Reached XP level 2. HP: 15/22 MP: 0/0
   658 | D:1      | Found Zowakhug's Book Shop.
   758 | D:1      | Reached skill level 1 in Fighting
  1708 | D:2      | Reached XP level 3. HP: 21/27 MP: 0/0
  1708 | D:2      | Learned a level 1 spell: Corona
  1993 | D:2      | Found a faded altar of an unknown god.
  2326 | D:2      | Reached XP level 4. HP: 14/32 MP: 0/0
  2402 | D:1      | Slain by a gnoll

Illustrated notes

Levels and vault maps discovered:
D:1:      giann_wishing_wells, layout_basic, serial_shops, shop,
          grunt_decor_arrowhead, bh_walls_and_bars
D:2:      layout_rooms, hellmonk_ecumenical_altar_leap_of_faith

Skill      XL: |  1  2  3 |
---------------+----------+-----
Fighting       | 1 |  1.5
Stealth        | 2 |  2.0
Short Blades   | |  0.4
Armour         | |  0.4
Dodging        | |  2.5
Shields        | |  0.4
Spellcasting   | |  2.7

Action                   |  1- 3 |  4- 6 || total
-------------------------+-------+-------++-------
Melee: Dagger            |    44 |     1 ||    45
 Cast: Magic Dart        |    63 |     7 ||    70
       Call Imp          |     1 |       ||     1
       Blink             |       |     1 ||     1
 Stab: Sleeping          |     2 |       ||     2
Armor: Robe              |     1 |       ||     1
       Leather armour    |    14 |       ||    14
Dodge: Dodged            |    27 |     2 ||    29

Table legend: (Time is in decaauts)
 A = Elapsed time spent in this place.
 B = Non-inter-level travel time spent in this place.
 C = Inter-level travel time spent in this place.
 D = Time resting spent in this place.
 E = Time spent auto-exploring this place.
 F = Levels seen in this place.
 G = Mean time per level.
                   A        B        C        D        E       F      G
               +--------+--------+--------+--------+--------+-----+--------+
         Total |   2401 |   2306 |     95 |    354 |   1589 |   2 | 1200.5 |
       Dungeon |   2401 |   2306 |     95 |    354 |   1589 |   2 | 1200.5 |
               +--------+--------+--------+--------+--------+-----+--------+

Top non-repeatable levels by time:
     D:1: 1699 daAuts
     D:2: 702 daAuts
